AoeStats
← King Keegan

Arena

510636949Analyzed
1v1 RM · 19h ago on Oct 1, 2026· 54m 4s· 2 players
Game mode
Random Map
Map size
Tiny (2 player)
Population
200
Speed
Normal
Resources
Standard
Victory
Conquest
Starting age
Dark Age
Ending age
Imperial Age
RankedLock teamsTeams togetherTeam positionsShared explorationLock speedFull tech treeHidden civsTurbo modeCheats
Victory
Defeat
🇺🇸 Goths · United States
337
+16
🇨🇿 Wu · Czechia
336
-16
Dr460n1um-CZ
10:45 Feudal Age
11:14 Double-Bit Axe
20:18 Horse Collar
23:36 Castle Age
26:01 Treadmill Crane
28:53 Scale Barding Armor
34:14 Imperial Age
33:27 Wheelbarrow
33:17 Ballistics
36:31 Heavy Plow
36:44 Bow Saw
38:24 Fletching
38:35 Padded Archer Armor
38:46 Forging
38:37 Scale Mail Armor
40:04 Chemistry
39:16 Masonry
40:31 Leather Archer Armor
40:12 Bodkin Arrow
41:13 Hand Cart
44:14 Two-Man Saw
44:28 Gold Mining
44:28 Stone Mining
45:50 Stone Shaft Mining
45:50 Gold Shaft Mining
King Keegan
0:27 Loom
13:56 Feudal Age
15:38 Wheelbarrow
14:46 Horse Collar
14:55 Double-Bit Axe
15:04 Gold Mining
14:42 Man-at-Arms
15:18 Town Watch
20:07 Stone Mining
21:48 Forging
21:38 Scale Mail Armor
21:44 Scale Barding Armor
21:30 Fletching
21:41 Padded Archer Armor
22:39 Bloodlines
27:48 Castle Age
28:00 Long Swordsman
28:40 Squires
28:01 Pikeman
28:04 Light Cavalry
28:45 Husbandry
30:26 Hand Cart
31:31 Stone Shaft Mining
31:23 Bow Saw
31:36 Town Patrol
32:42 Iron Casting
33:10 Heavy Plow
34:20 Anarchy
35:02 Chain Mail Armor
34:43 Bodkin Arrow
40:30 Masonry
40:01 Treadmill Crane
40:42 Ballistics
40:18 Murder Holes
40:46 Chain Barding Armor
46:23 Imperial Age
45:54 Leather Archer Armor
47:54 Perfusion
47:18 Elite Huskarl
48:20 Conscription
49:52 Two-Man Saw
49:24 Crop Rotation
48:32 Capped Ram
52:58 Blast Furnace
51:58 Bracer
52:29 Ring Archer Armor
53:01 Chemistry
52:32 Architecture
52:16 Guilds
Connection lost

Rejoining the realm…

Still unreachable

The connection could not be restored.

Session expired

The server has moved on; the page needs a fresh start.